 Dungeon Crawl Stone Soup version 0.23.0-38-g208d714 (webtiles) character file.

Game seed: 0

282 Fang the Skirmisher (level 6, -2/58 HPs)
             Began as a Gargoyle Berserker on Feb 27, 2019.
             Was a Priest of Trog.
             Slain by an ogre
             ... wielding a +0 giant spiked club
              (24 damage)
             ... on level 4 of the Dungeon.
             The game lasted 00:04:42 (3173 turns).

Fang the Skirmisher (Gargoyle Berserker)            Turns: 3173, Time: 00:04:42

Health: -2/58      AC: 16    Str: 28    XL:     6   Next: 28%
Magic:  6/6        EV:  8    Int:  7    God:    Trog [***...]
Gold:   210        SH:  0    Dex:  9    Spells: 5/5 levels left

rFire    . . .     SeeInvis .   a - +0 hand axe
rCold    . . .     Gourm    .   (no shield)
rNeg     + + .     Faith    .   r - +0 plate armour
rPois    ∞         Spirit   .   (no helmet)
rElec    +         Reflect  .   (no cloak)
rCorr    .         Harm     .   (no gloves)
MR       +....                  (no boots)
Stlth    ..........             (no amulet)
HPRegen  0.19/turn              j - ring of positive energy
MPRegen  0.10/turn              m - ring of protection from magic

@: berserking, very quick
A: negative energy resistance 1, electricity resistance, unbreathing,
petrification resistance, rot immunity, AC +4
a: Berserk, Trog's Hand, Renounce Religion


You were on level 4 of the Dungeon.
You worshipped Trog.
Trog was most pleased with you.
You were hungry.

You visited 1 branch of the dungeon, and saw 4 of its levels.

You collected 210 gold pieces.

Inventory:

Hand Weapons
 a - a +0 hand axe (weapon)
Armour
 r - a +0 plate armour (worn)
Jewellery
 j - a ring of positive energy (left hand)
 m - a ring of protection from magic (right hand)
Scrolls
 d - 3 scrolls of identify {unknown}
 h - a scroll of teleportation {unknown}
 i - a scroll of amnesia {unknown}
 l - a scroll of noise {unknown}
 o - a scroll of random uselessness {unknown}
 p - a scroll of fog {unknown}
Potions
 e - a potion of heal wounds {unknown}
 f - a potion of might {unknown}
 k - 2 potions of flight {unknown}
 n - 2 potions of curing {unknown}
 q - a potion of agility {unknown}
Comestibles
 c - 5 rations


   Skills:
 + Level 4.7 Fighting
 + Level 3.8 Axes
 + Level 3.8 Armour
 + Level 3.0 Dodging


You had 5 spell levels left.
You didn't know any spells.
Your spell library was empty.

Dungeon Overview and Level Annotations

Branches:
Dungeon (4/15)
 Temple: D:4-7

Altars:
Dithmenos
Fedhas
Kikubaaqudgha


Innate Abilities, Weirdness & Mutations

You are resistant to torment.
Your stone body is resilient. (AC +4)
You are immune to poison.
You resist negative energy. (rN+)
You are resistant to electric shocks. (rElec)
You can survive without breathing.
You are immune to petrification.
You are immune to rotting.


Message History

The jackal skeleton bites you but does no damage.
The hound closely misses you.
You slash the ogre!
The ogre is severely wounded.
Your plate armour prevents you from hitting the jackal skeleton.
You hit the hippogriff.
Your plate armour prevents you from hitting the hound.
The jackal skeleton bites you but does no damage.
The ogre hits you with a +0 giant spiked club.
The hound bites you but does no damage.
Your plate armour prevents you from hitting the hippogriff.
The hippogriff is lightly wounded.
You slash the jackal skeleton!
You destroy the jackal skeleton!
Trog accepts your kill.
You hit the ogre. You closely miss the hound. The hippogriff bites you.
The hippogriff pecks you. The hippogriff barely misses you.
The hound completely misses you.
The ogre hits you with a +0 giant spiked club!!
You die...

##.. . ... #... % ...#
.##...##.##....
...s....#......
.?.....w........
.............[..
...r..hO........ #
#.H@..# .... #.
###...###......# ..
##.##..............####..
#..........##......#.#>=
...........##......#...
........#####........#
.........####........#
...........#........##
....>................##


You could see a hippogriff, an ogre, a worm, a scorpion, a hound and a quokka.

Vanquished Creatures
  A scorpion (D:4)
  An orc priest (D:3)
  An iguana (D:3)
  A worker ant (D:4)
  5 adders
  An ooze (D:2)
  2 worms (D:2)
  A dart slug (D:2)
  2 leopard geckos
  11 orcs
  6 giant cockroaches
  8 goblins
  5 hobgoblins
  6 jackals
  8 kobolds
  3 quokkas
  2 ball pythons
  A ball python skeleton (D:4)
  7 bats
  6 frilled lizards
  A jackal skeleton (D:4)
  6 rats
85 creatures vanquished.

Notes
Turn   | Place    | Note
-------+----------+-------------------------------------------
     0 | D:1      | Fang the Gargoyle Berserker began the quest for the Orb.
     0 | D:1      | Reached XP level 1. HP: 14/14 MP: 1/1
    95 | D:1      | Reached XP level 2. HP: 17/19 MP: 2/2
   489 | D:1      | Reached XP level 3. HP: 23/23 MP: 3/3
   497 | D:1      | Reached ** piety under Trog
  1330 | D:2      | Reached XP level 4. HP: 20/29 MP: 4/4
  1662 | D:2      | Reached skill level 4 in Fighting
  2232 | D:3      | Found a blossoming altar of Fedhas.
  2234 | D:3      | Found an ancient bone altar of Kikubaaqudgha.
  2335 | D:3      | Reached XP level 5. HP: 28/33 MP: 5/5
  2444 | D:3      | Reached *** piety under Trog
  2857 | D:3      | Found a shadowy altar of Dithmenos.
  3083 | D:4      | Reached XP level 6. HP: 30/39 MP: 6/6
  3166 | D:4      | Noticed a hippogriff
  3173 | D:4      | Slain by an ogre

Skill      XL: |  1  2  3  4  5  6 |
---------------+-------------------+-----
Axes           | 3 |  3.8
Dodging        | 2 3 |  3.0
Fighting       | 4 |  4.7
Armour         | 3 |  3.8

Action                   |  1- 3 |  4- 6 || total
-------------------------+-------+-------++-------
Melee: Hand axe          |   129 |   221 ||   350
Invok: Berserk           |       |     1 ||     1
 Stab: Sleeping          |     2 |     1 ||     3
  Eat: Chunk             |     1 |     7 ||     8
Armor: Animal skin       |    45 |    61 ||   106
       Plate armour      |       |    49 ||    49
Dodge: Dodged            |    79 |   127 ||   206
